| TOP OF THE 1ST |
|
Chicago White Sox batting - Pitching for Boston Red Sox : LHP Gary Perritt
|
|
Pitching: LHP Gary Perritt
|
|
|
Batting: SHB Ozzie Smith
|
0-0: SINGLE (Line Drive, 6M, EV 106.3 MPH)
|
|
Batting: SHB Dwayne Taggart
|
0-0: Sac Bunt to 5S - play at first, batter safe! Ozzie Smith to second
|
|
Batting: RHB Mike Heath
|
0-0: Called Strike 0-1: Swinging Strike 0-2: SINGLE (Line Drive, 5D, EV 106.9 MPH) Ozzie Smith to third Dwayne Taggart to second Runner from 3rd tries for Home, SAFE, throw by LF to home
|
|
Batting: LHB Mitchell Page
|
0-0: Fly out, F4 (Flyball, 4D, EV 88.1 MPH)
|
|
Batting: RHB Kevin McReynolds
|
0-0: Called Strike 0-1: Swinging Strike 0-2: Fly out, F9 (Flyball, 9LM, EV 105.6 MPH) Runner from 2nd tags up, SAFE at 3rd, no throw by RF
|
|
Batting: RHB Tim Teufel
|
0-0: Ball 1-0: Swinging Strike 1-1: Foul Ball, location: 2F 1-2: Strikes out swinging
|
| Top of the 1st over - 1 run, 3 hits, 0 errors, 2 left on base; Chicago 1 - Boston 0 |
| BOTTOM OF THE 1ST |
|
Boston Red Sox batting - Pitching for Chicago White Sox : RHP Bruce Kison
|
|
Pitching: RHP Bruce Kison
|
|
|
Batting: RHB Richie Zisk
|
0-0: Ball 1-0: Called Strike 1-1: Fly out, F6 (Popup, 6MS, EV 81.3 MPH)
|
|
Batting: LHB Willie Aikens
|
0-0: Ball 1-0: Called Strike 1-1: Called Strike 1-2: Ground out U3 (Groundball, 3, EV 86.3 MPH)
|
|
Batting: RHB Jeff Burroughs
|
0-0: Swinging Strike 0-1: Swinging Strike 0-2: Ball 1-2: Ball 2-2: Foul Ball, location: 2F 2-2: Ball 3-2: Fly out, F3 (Popup, 3F, EV 70.6 MPH)
|
| Bottom of the 1st over - 0 runs, 0 hits, 0 errors, 0 left on base; Chicago 1 - Boston 0 |
| TOP OF THE 2ND |
|
Chicago White Sox batting - Pitching for Boston Red Sox : LHP Gary Perritt
|
|
Batting: LHB Ryan MacFarland
|
0-0: Ball 1-0: Ball 2-0: Called Strike 2-1: DOUBLE (Flyball, 8RXD, EV 99.4 MPH)
|
|
Batting: RHB Jim Wynn
|
0-0: Ball 1-0: Called Strike 1-1: Called Strike 1-2: Strikes out looking
|
|
Batting: RHB Brian Harper
|
0-0: Ball 1-0: Ground out 6-3 (Groundball, 6D, EV 79.4 MPH)
|
|
Batting: SHB Ozzie Smith
|
0-0: Ball 1-0: Ball 2-0: Fly out, F3 (Popup, 3SF, EV 78.8 MPH)
|
| Top of the 2nd over - 0 runs, 1 hit, 0 errors, 1 left on base; Chicago 1 - Boston 0 |
| BOTTOM OF THE 2ND |
|
Boston Red Sox batting - Pitching for Chicago White Sox : RHP Bruce Kison
|
|
Batting: LHB George Brett
|
0-0: Ball 1-0: Called Strike 1-1: Foul Ball, location: 2F 1-2: SINGLE (Line Drive, 56D, EV 98.8 MPH)
|
|
Batting: LHB Karl Pagel
|
0-0: Ball 1-0: Foul Ball, location: 2F 1-1: Foul Ball, location: 2F 1-2: Strikes out swinging
|
|
Batting: SHB Phil Ouellette
|
0-0: Called Strike 0-1: Called Strike 0-2: Ball 1-2: Foul Ball, location: 2F 1-2: Foul Ball, location: 2F 1-2: SINGLE (Flyball, 4D, EV 92.5 MPH) George Brett to second Runner from 2nd tries for 3rd, SAFE, throw by CF made to third
|
|
Batting: RHB Devin Pike
|
0-0: Ball 1-0: Ball 2-0: Foul Ball, location: 2F 2-1: Ball 3-1: Called Strike 3-2: Foul Ball, location: 2F 3-2: Fielders Choice at 2nd, 4-6 (Groundball, 34, EV 105.6 MPH) George Brett scores
|
|
Batting: SHB Nelson Norman
|
0-0: Ball 1-0: Called Strike 1-1: Ball Wild Pitch! Devin Pike to second 2-1: Ball 3-1: Called Strike 3-2: Strikes out swinging
|
| Bottom of the 2nd over - 1 run, 2 hits, 0 errors, 1 left on base; Chicago 1 - Boston 1 |
| TOP OF THE 3RD |
|
Chicago White Sox batting - Pitching for Boston Red Sox : LHP Gary Perritt
|
|
Batting: SHB Dwayne Taggart
|
0-0: Called Strike 0-1: SINGLE (Line Drive, 4MD, EV 108.8 MPH)
|
|
Batting: RHB Mike Heath
|
0-0: Foul Ball, location: 2F 0-1: Ball 1-1: Ball 2-1: SINGLE (Line Drive, 56D, EV 101.3 MPH) Dwayne Taggart to second Runner from 2nd tries for 3rd, SAFE, no throw by LF
|
|
Batting: LHB Mitchell Page
|
0-0: Ball 1-0: Called Strike 1-1: Foul Ball, location: 2F 1-2: Foul Ball, location: 2F 1-2: Foul Ball, location: 2F 1-2: Foul Ball, location: 2F 1-2: Fly out, F7 (Flyball, 78D, EV 103.8 MPH) Runner from 3rd tags up, SCORES, no throw by LF
|
|
Batting: RHB Kevin McReynolds
|
0-0: Called Strike Mike Heath is caught stealing 2nd base 2-4 0-1: Called Strike 0-2: Ball 1-2: Ball 2-2: Strikes out swinging
|
| Top of the 3rd over - 1 run, 2 hits, 0 errors, 0 left on base; Chicago 2 - Boston 1 |
| BOTTOM OF THE 3RD |
|
Boston Red Sox batting - Pitching for Chicago White Sox : RHP Bruce Kison
|
|
Batting: RHB Kevin Klettke
|
0-0: Ball 1-0: Ball 2-0: Fly out, F7 (Flyball, 7LS, EV 86.3 MPH)
|
|
Batting: RHB Richie Zisk
|
0-0: Foul Ball, location: 2F 0-1: Ball 1-1: Foul Ball, location: 2F 1-2: DOUBLE (Line Drive, 89M, EV 105.6 MPH)
|
|
Batting: LHB Willie Aikens
|
0-0: Ball 1-0: Swinging Strike 1-1: SINGLE (Groundball, 34D, EV 104.4 MPH) Richie Zisk to third Runner from 3rd tries for Home, SAFE, throw by RF to home Willie Aikens to second
|
|
Batting: RHB Jeff Burroughs
|
0-0: Ball 1-0: Ball 2-0: Foul Ball, location: 2F 2-1: Foul Ball, location: 2F 2-2: SINGLE (Flyball, 3D, EV 84.4 MPH) Willie Aikens to third
|
|
Batting: LHB George Brett
|
0-0: Ball 1-0: SINGLE (Line Drive, 3D, EV 96.9 MPH) Willie Aikens scores Jeff Burroughs to second Runner from 2nd tries for 3rd, SAFE, no throw by RF
|
|
Batting: LHB Karl Pagel
|
0-0: Ball 1-0: Fly out, F7 (Line Drive, 7, EV 108.1 MPH) Runner from 3rd tags up, SCORES, throw by LF
|
|
Batting: SHB Phil Ouellette
|
0-0: Called Strike 0-1: Ball 1-1: Ball 2-1: Ball 3-1: Fly out, F6 (Flyball, 5D, EV 82.5 MPH)
|
| Bottom of the 3rd over - 3 runs, 4 hits, 0 errors, 1 left on base; Chicago 2 - Boston 4 |
| TOP OF THE 4TH |
|
Chicago White Sox batting - Pitching for Boston Red Sox : LHP Gary Perritt
|
|
Batting: RHB Tim Teufel
|
0-0: Ball 1-0: Foul Ball, location: 2F 1-1: Ball 2-1: Ground out 4-3 (Groundball, 4, EV 104.4 MPH)
|
|
Batting: LHB Ryan MacFarland
|
0-0: Called Strike 0-1: SOLO HOME RUN (Flyball, 9D, EV 88.8 MPH), Distance : 401 ft
|
|
Batting: RHB Jim Wynn
|
0-0: Foul Ball, location: 2F 0-1: Swinging Strike 0-2: Ball 1-2: Foul Ball, location: 2F 1-2: Fly out, F8 (Flyball, 8LXD, EV 92.5 MPH)
|
|
Batting: RHB Brian Harper
|
0-0: Foul Ball, location: 2F 0-1: Called Strike 0-2: Ball 1-2: Ball 2-2: Foul Ball, location: 2F 2-2: Ground out 5-3 (Groundball, 56, EV 109.4 MPH)
|
| Top of the 4th over - 1 run, 1 hit, 0 errors, 0 left on base; Chicago 3 - Boston 4 |
| BOTTOM OF THE 4TH |
|
Boston Red Sox batting - Pitching for Chicago White Sox : RHP Bruce Kison
|
|
Batting: RHB Devin Pike
|
0-0: Ball 1-0: Fly out, F3 (Popup, 3SF, EV 80.0 MPH)
|
|
Batting: SHB Nelson Norman
|
0-0: Ball 1-0: Ball 2-0: SINGLE (Groundball, 6S, EV 65.6 MPH) (infield hit)
|
|
Batting: RHB Kevin Klettke
|
0-0: Called Strike 0-1: Called Strike 0-2: Ball 1-2: Ball 2-2: SINGLE (Flyball, 6MD, EV 88.1 MPH) Nelson Norman to second
|
|
Batting: RHB Richie Zisk
|
0-0: Ball 1-0: Ball 2-0: Called Strike 2-1: 3-RUN HOME RUN (Flyball, 7D, EV 96.3 MPH), Distance : 400 ft
|
|
Pitching: LHP Jerry O'Neill
|
|
|
Batting: LHB Willie Aikens
|
0-0: Ball 1-0: Swinging Strike 1-1: Foul Ball, location: 2F 1-2: Ball 2-2: Strikes out looking
|
|
Batting: RHB Jeff Burroughs
|
0-0: Ball 1-0: Foul Ball, location: 2F 1-1: Ball 2-1: Swinging Strike 2-2: Strikes out swinging
|
| Bottom of the 4th over - 3 runs, 3 hits, 0 errors, 0 left on base; Chicago 3 - Boston 7 |
| TOP OF THE 5TH |
|
Chicago White Sox batting - Pitching for Boston Red Sox : LHP Gary Perritt
|
|
Batting: SHB Ozzie Smith
|
0-0: Ball 1-0: Called Strike 1-1: Swinging Strike 1-2: Strikes out swinging
|
|
Batting: SHB Dwayne Taggart
|
0-0: Ball 1-0: Ground out 6-3 (Groundball, 6S, EV 93.1 MPH)
|
|
Batting: RHB Mike Heath
|
0-0: Called Strike 0-1: Ball 1-1: Ball 2-1: Ball 3-1: Fly out, F8 (Line Drive, 8RD, EV 101.9 MPH)
|
| Top of the 5th over - 0 runs, 0 hits, 0 errors, 0 left on base; Chicago 3 - Boston 7 |
| BOTTOM OF THE 5TH |
|
Boston Red Sox batting - Pitching for Chicago White Sox : LHP Jerry O'Neill
|
|
Batting: LHB George Brett
|
0-0: Foul Ball, location: 2F 0-1: Swinging Strike 0-2: Strikes out swinging
|
|
Batting: LHB Karl Pagel
|
0-0: Foul Ball, location: 2F 0-1: Called Strike 0-2: Ball 1-2: Ball 2-2: Foul Ball, location: 2F 2-2: Ball 3-2: Foul Ball, location: 2F 3-2: DOUBLE (Line Drive, 3D, EV 95.0 MPH)
|
|
Batting: SHB Phil Ouellette
|
0-0: SINGLE (Line Drive, 5D, EV 103.1 MPH) Karl Pagel to third Runner from 3rd tries for Home, SAFE, throw by LF to home Phil Ouellette to second
|
|
Batting: RHB Devin Pike
|
0-0: Foul Ball, location: 2F 0-1: Ball 1-1: Swinging Strike 1-2: Ball 2-2: Foul Ball, location: 2F 2-2: Fly out, F7 (Flyball, 78D, EV 94.4 MPH)
|
|
Batting: SHB Nelson Norman
|
0-0: Ball 1-0: Swinging Strike 1-1: Ball 2-1: Foul Ball, location: 2F 2-2: Ground out 6-3 (Groundball, 4M, EV 86.3 MPH)
|
| Bottom of the 5th over - 1 run, 2 hits, 0 errors, 1 left on base; Chicago 3 - Boston 8 |
| TOP OF THE 6TH |
|
Chicago White Sox batting - Pitching for Boston Red Sox : LHP Gary Perritt
|
|
Batting: LHB Mitchell Page
|
0-0: Called Strike 0-1: Ball 1-1: Ball 2-1: Ground out 5-3 (Groundball, 56, EV 91.9 MPH)
|
|
Batting: RHB Kevin McReynolds
|
0-0: Ball 1-0: Ground out 4-3 (Groundball, 4, EV 88.8 MPH)
|
|
Batting: RHB Tim Teufel
|
0-0: Foul Ball, location: 2F 0-1: Foul Ball, location: 2F 0-2: Strikes out looking
|
| Top of the 6th over - 0 runs, 0 hits, 0 errors, 0 left on base; Chicago 3 - Boston 8 |
| BOTTOM OF THE 6TH |
|
Boston Red Sox batting - Pitching for Chicago White Sox : LHP Jerry O'Neill
|
|
Batting: RHB Kevin Klettke
|
0-0: Ball 1-0: Ball 2-0: Ball 3-0: Base on Balls
|
|
Batting: RHB Richie Zisk
|
0-0: Foul Ball, location: 2F 0-1: Called Strike 0-2: Strikes out swinging
|
|
Batting: LHB Willie Aikens
|
0-0: Swinging Strike 0-1: Foul Ball, location: 2F 0-2: Grounds into double play, 4-6-3 (Groundball, 4, EV 83.8 MPH)
|
| Bottom of the 6th over - 0 runs, 0 hits, 0 errors, 0 left on base; Chicago 3 - Boston 8 |
| TOP OF THE 7TH |
|
Chicago White Sox batting - Pitching for Boston Red Sox : LHP Gary Perritt
|
|
Batting: LHB Ryan MacFarland
|
0-0: Ball 1-0: Ball 2-0: Called Strike 2-1: Fly out, F9 (Flyball, 9S, EV 81.3 MPH)
|
|
Batting: RHB Jim Wynn
|
0-0: Called Strike 0-1: Foul Ball, location: 2F 0-2: Foul Ball, location: 2F 0-2: Ball 1-2: Ball 2-2: Foul Ball, location: 2F 2-2: Strikes out swinging
|
|
Batting: RHB Brian Harper
|
0-0: Swinging Strike 0-1: Ground out 5-3 (Groundball, 56S, EV 86.9 MPH)
|
| Top of the 7th over - 0 runs, 0 hits, 0 errors, 0 left on base; Chicago 3 - Boston 8 |
| BOTTOM OF THE 7TH |
|
Boston Red Sox batting - Pitching for Chicago White Sox : LHP Jerry O'Neill
|
|
Batting: RHB Jeff Burroughs
|
0-0: Ball 1-0: Foul Ball, location: 2F 1-1: Ball 2-1: Foul Ball, location: 2F 2-2: Foul Ball, location: 2F 2-2: Foul Ball, location: 2F 2-2: Foul Ball, location: 2F 2-2: Fly out, F9 (Flyball, 9LS, EV 77.5 MPH)
|
|
Batting: LHB George Brett
|
0-0: Ground out 4-3 (Groundball, 34D, EV 96.9 MPH)
|
|
Pitching: RHP Dave A Campbell
|
|
|
Batting: LHB Karl Pagel
|
0-0: Swinging Strike 0-1: Called Strike 0-2: Strikes out swinging
|
| Bottom of the 7th over - 0 runs, 0 hits, 0 errors, 0 left on base; Chicago 3 - Boston 8 |
| TOP OF THE 8TH |
|
Chicago White Sox batting - Pitching for Boston Red Sox : LHP Gary Perritt
|
|
Batting: SHB Ozzie Smith
|
0-0: Called Strike 0-1: Foul Ball, location: 2F 0-2: Ground out 6-3 (Groundball, 6M, EV 85.6 MPH)
|
|
Batting: SHB Dwayne Taggart
|
0-0: Called Strike 0-1: Foul Ball, location: 2F 0-2: Ball 1-2: Ground out 3-1 (Groundball, 34S, EV 88.1 MPH)
|
|
Batting: RHB Mike Heath
|
0-0: Called Strike 0-1: Foul Ball, location: 2F 0-2: Ball 1-2: Ball 2-2: Foul Ball, location: 2F 2-2: SINGLE (Groundball, 56D, EV 108.1 MPH)
|
|
Pitching: RHP Don Sutton
|
|
|
Batting: LHB Mitchell Page
|
0-0: Ball 1-0: Called Strike 1-1: Foul Ball, location: 2F 1-2: Ball 2-2: 2-RUN HOME RUN (Flyball, 89XD, EV 95.0 MPH), Distance : 463 ft
|
|
Batting: RHB Kevin McReynolds
|
0-0: SOLO HOME RUN (Flyball, 7D, EV 103.8 MPH), Distance : 398 ft
|
|
Batting: RHB Tim Teufel
|
0-0: Ball 1-0: Ball 2-0: Ball 3-0: Called Strike 3-1: Foul Ball, location: 2F 3-2: Base on Balls
|
|
Batting: LHB Ryan MacFarland
|
0-0: Called Strike 0-1: Ground out 4-3 (Groundball, 4, EV 85.6 MPH)
|
| Top of the 8th over - 3 runs, 3 hits, 0 errors, 1 left on base; Chicago 6 - Boston 8 |
| BOTTOM OF THE 8TH |
|
Boston Red Sox batting - Pitching for Chicago White Sox : RHP Dave A Campbell
|
|
Batting: SHB Phil Ouellette
|
0-0: Called Strike 0-1: Foul Ball, location: 2F 0-2: Foul Ball, location: 2F 0-2: Ball 1-2: Ball 2-2: Ball 3-2: Ground out 5-3 (Groundball, 56, EV 80.0 MPH)
|
|
Batting: RHB Devin Pike
|
0-0: Ball 1-0: Ball 2-0: Ball 3-0: Called Strike 3-1: Base on Balls
|
|
Batting: SHB Nelson Norman
|
0-0: Ball 1-0: Ball 2-0: Fielders Choice at 2nd, 1-6 (Groundball, 13S, EV 74.4 MPH)
|
|
Batting: RHB Kevin Klettke
|
0-0: Ball 1-0: Fly out, F4 (Popup, 4, EV 58.8 MPH)
|
| Bottom of the 8th over - 0 runs, 0 hits, 0 errors, 1 left on base; Chicago 6 - Boston 8 |
| TOP OF THE 9TH |
|
Chicago White Sox batting - Pitching for Boston Red Sox : RHP Don Sutton
|
|
Batting: RHB Jim Wynn
|
0-0: Swinging Strike 0-1: Foul Ball, location: 2F 0-2: Ground out 6-3 (Groundball, 6, EV 96.9 MPH)
|
|
Batting: RHB Brian Harper
|
0-0: Ball 1-0: Foul Ball, location: 2F 1-1: Called Strike 1-2: Foul Ball, location: 2F 1-2: Ground out 5-3 (Groundball, 56, EV 83.8 MPH)
|
|
Batting: SHB Ozzie Smith
|
0-0: Ground out 4-3 (Groundball, 4, EV 82.5 MPH)
|
| Top of the 9th over - 0 runs, 0 hits, 0 errors, 0 left on base; Chicago 6 - Boston 8 |
|